 Seeded DCSS version 0.27.0-65-ge2af304b15 (webtiles) character file.

Game seed: 2339979216251921566 (custom seed)

96 nicksoapdish the Shield-Bearer (level 4, 0/29 HPs)
             Began as a Gargoyle Fighter on Aug 18, 2021.
             Slain by an iguana (3 damage)
             ... on level 5 of the Dungeon.
             The game lasted 00:04:41 (2449 turns).

nicksoapdish the Shield-Bearer (Gargoyle Fighter)   Turns: 2449, Time: 00:04:42

Health: 0/29       AC: 11    Str: 21    XL:     4   Next: 67%
Magic:  4/4        EV:  7    Int:  8    God:
Gold:   134        SH:  9    Dex:  9    Spells: 3/3 levels left

rFire    . . .     SeeInvis .   a - +0 war axe
rCold    . . .     Faith    .   c - +0 kite shield
rNeg     + . .     Spirit   .   b - +0 scale mail
rPois    ∞         Reflect  .   (no helmet)
rElec    +         Harm     .   (no cloak)
rCorr    .         Rampage  .   (no gloves)
Will     .....                  e - +0 pair of boots
Stlth    ..........             k - amulet of regeneration
HPRegen  1.09/turn              (no ring)
MPRegen  0.09/turn              (no ring)

@: mighty
A: sickness immunity, AC +3, negative energy resistance 1, electricity
resistance, torment resistance 1, petrification resistance
a: no special abilities


You were on level 5 of the Dungeon.
You visited 1 branch of the dungeon, and saw 4 of its levels.

You collected 134 gold pieces.

Inventory:

Hand Weapons
 a - a +0 war axe (weapon)
Armour
 b - a +0 scale mail (worn)
 c - a +0 kite shield (worn)
 e - a +0 pair of boots (worn)
 l - a +1 leather armour of willpower
Jewellery
 k - an amulet of regeneration (around neck)
Scrolls
 f - 2 scrolls of teleportation {unknown}
 g - a scroll of vulnerability {unknown}
 h - a scroll of blinking {unknown}
 i - a scroll of noise {unknown}
 j - a scroll of identify {unknown}
 m - a scroll of enchant weapon {unknown}
Potions
 n - a potion of cancellation {unknown}


   Skills:
 + Level 3.7 Fighting
 * Level 3.3 Axes
 + Level 3.7 Armour
 + Level 3.8 Shields


You had 3 spell levels left.
You didn't know any spells.
Your spell library contained the following spells:

 Spells                   Type           Power      Damage    Failure   Level
 Animate Skeleton         Necr           0%         N/A       99%         1
 Pain                     Necr           0%         1d4       99%         1
 Vampiric Draining        Necr           0%         2d6       100%        3
 Animate Dead             Necr           0%         N/A       100%        4
 Petrify                  Tmut/Erth      0%         N/A       100%        4
 Borgnjor's Vile Clutch   Necr/Erth      0%         N/A       100%        5
 Metabolic Englaciation   Hex/Ice        0%         N/A       100%        5
 Death Channel            Necr           0%         N/A       100%        6
 Statue Form              Tmut/Erth      Unusable   N/A       N/A         6

Dungeon Overview and Level Annotations

Branches:
Dungeon (3/15)

Altars:
Cheibriados
Gozag


Innate Abilities, Weirdness & Mutations

You are immune to sickness and miasma.
Your stone body is resilient. (AC +3)
You are immune to poison.
You resist negative energy. (rN+)
You are resistant to electric shocks. (rElec)
You are resistant to unholy torment.
You are immune to petrification.


Message History

A white imp comes into view.
The white imp shouts!
Found a hand axe.
An ice beast comes into view.
An iguana comes into view.
You closely miss the ice beast.
The ice beast hits you but does no damage.
Your shield and scale mail prevent you from hitting the ice beast.
You block the ice beast's attack.
The ice beast hits you but does no damage.
You closely miss the ice beast. You hit the white imp.
An orc priest comes into view. It is wielding a +0 hand axe.
The ice beast hits you but does no damage.
You block the white imp's attack. The ice beast hits you.
The ice beast freezes you.
The orc priest moves out of view.
You closely miss the ice beast. You hit the white imp but do no damage.
The white imp hits you but does no damage.
You block the ice beast's attack. The white imp gestures at you.
The puff of frost hits you! You block the iguana's attack.
You slash the ice beast!
The ice beast is heavily wounded.
You hit the iguana. You hit the white imp but do no damage.
The ice beast hits you. The ice beast freezes you!
* * * LOW HITPOINT WARNING * * *
You block the white imp's attack.
The iguana bites you but does no damage.
The ice beast hits you but does no damage.
Okay, then.
You feel very mighty all of a sudden. The iguana bites you.
* * * LOW HITPOINT WARNING * * *
The white imp hits you but does no damage.
The ice beast hits you but does no damage.
You closely miss the ice beast.
The ice beast is heavily wounded.
You barely miss the iguana. You barely miss the white imp.
The iguana barely misses you. You block the white imp's attack.
The ice beast barely misses you. The iguana bites you.
You die...

... ....
.##########....
...............
...............
..)......#
.........#
###+###Y5#
#.###.@##
.......l.#
........##
#..##...# #.
#...# # ......
......#
..##...# ..
#...


You could see an ice beast, an iguana and a white imp.

Vanquished Creatures
  3 adders
  A worm (D:3)
  2 dart slugs
  3 ball pythons
  6 bats
  8 endoplasms
  3 giant cockroaches
  8 goblins
  6 hobgoblins
  5 jackals
  3 kobolds
  2 quokkas
  3 frilled lizards
  3 rats
56 creatures vanquished.

Notes
Turn   | Place    | Note
-------+----------+-------------------------------------------
     0 | D:1      | nicksoapdish the Gargoyle Fighter began the quest for the
                  | Orb.
     0 | D:1      | Reached XP level 1. HP: 14/14 MP: 1/1
   147 | D:1      | Reached XP level 2. HP: 19/19 MP: 2/2
   390 | D:1      | Found a faded altar of an unknown god.
   807 | D:1      | Reached XP level 3. HP: 23/23 MP: 3/3
  1746 | D:2      | Reached XP level 4. HP: 28/28 MP: 4/4
  2153 | D:3      | Found an opulent altar of Gozag.
  2304 | D:3      | Found a snail-covered altar of Cheibriados.
  2437 | D:3      | You fall into a shaft and drop 2 floors!
  2437 | D:5      | Entered Level 5 of the Dungeon
  2438 | D:5      | Noticed an ice beast
  2447 | D:5      | HP: 1/29 [ice beast (14)]
  2449 | D:5      | Slain by an iguana

Illustrated notes

Levels and vault maps discovered:
D:1:      dpeg_arrival_tiny_a, layout_loops_corners,
          ebering_ecumenical_altar_mist
D:2:      layout_basic
D:3:      layout_loops_ring, mainiacjoe_overflow_small_starburst,
          cheibriados_altar_1, minmay_misc_feat_diagonals
D:5:      layout_gridville, fedhas_altar_fruit_tree,
          minmay_temple_entry_stoned_glass, uniq_eustachio

Skill      XL: |  1  2  3  4 |
---------------+-------------+-----
Axes           | 2 3 |  3.3
Fighting       | |  3.7
Armour         | |  3.7
Shields        | |  3.8

Action                   |  1- 3 |  4- 6 || total
-------------------------+-------+-------++-------
Melee: War axe           |   121 |    69 ||   190
  Use: Potion            |       |     1 ||     1
Armor: Scale mail        |    88 |    45 ||   133
Dodge: Dodged            |    52 |    20 ||    72
Block: Kite shield       |    94 |    49 ||   143
